 Dungeon Crawl Stone Soup version 0.20.1-1-g8b1a95d (webtiles) character file.

68207 dvd the Geomancer (level 14, -5/115 HPs)
             Began as a Demigod Earth Elementalist on Sept 12, 2017.
             Slain by a phantasmal warrior (24 damage)
             ... led by a death knight
             ... on level 13 of the Dungeon.
             The game lasted 01:47:00 (31843 turns).

dvd the Geomancer (Demigod Earth Elementalist)     Turns: 31843, Time: 01:47:01

Health: -5/115     AC: 16    Str: 15    XL:     14   Next: 45%
Magic:  14/43      EV: 13    Int: 27    God:
Gold:   1363       SH: 13    Dex: 18    Spells: 22/35 levels left

rFire    + . .     SeeInvis +   a - +8 whip (venom)
rCold    . . .     Gourm    .   R - +1 shield of Greed {rN+}
rNeg     + . .     Faith    .   h - +0 chain mail of Salvation {rPois rF+ MR- Int+4 SInv}
rPois    +         Spirit   .   y - +2 helmet
rElec    .         Reflect  +   S - +0 cloak
rCorr    .         Harm     .   l - +1 pair of gloves
MR       .....                  J - +0 pair of boots
Stlth    ..........             k - +2 amulet of reflection
Regen    0.3/turn               x - ring of magical power
MPRegen  0.3/turn               n - ring "Fakesai" {rPois EV+5 Int+2}

@: no status effects
A: high mp 1, poison resistance, robust 1
a: no special abilities


You were on level 13 of the Dungeon.
You were hungry.

You visited 3 branches of the dungeon, and saw 21 of its levels.

You collected 1363 gold pieces.

Inventory:

Hand Weapons
 a - a +8 whip of venom (weapon)
 L - a +2 war axe of venom
Missiles
 b - 308 stones (quivered)
Armour
 h - the +0 chain mail of Salvation (worn) {rPois rF+ MR- Int+4 SInv}
   (You found it on level 13 of the Dungeon)

   It affects your intelligence (+4).
   It protects you from fire.
   It protects you from poison.
   It affects your resistance to hostile enchantments.
   It lets you see invisible.
 l - a +1 pair of gloves (worn)
 y - a +2 helmet (worn)
 D - a +2 leather armour of fire resistance
 J - a +0 pair of boots (worn)
 N - a +2 leather armour of magic resistance
 R - the +1 shield of Greed (worn) {rN+}
   (You acquired it on level 12 of the Dungeon)

   It protects you from negative energy.
 S - a +0 cloak (worn)
Jewellery
 f - a +4 ring of dexterity
 k - a +2 amulet of reflection (around neck)
 m - a +3 ring of intelligence
 n - the ring "Fakesai" (right hand) {rPois EV+5 Int+2}
   (You acquired it on level 14 of the Dungeon)

   [ring of evasion]

   It affects your evasion (+5).
   It affects your intelligence (+2).
   It protects you from poison.
 s - an uncursed ring of protection from cold
 x - a ring of magical power (left hand)
 F - an uncursed ring of see invisible
 T - an uncursed ring of protection from fire
Wands
 c - a wand of disintegration (12/24)
 j - a wand of flame (11/48)
 w - a wand of iceblast (10/15)
 P - a wand of iceblast (4/15)
 Q - a wand of acid (11/15)
 W - a wand of digging (10/24)
 Y - a wand of lightning (15/15)
Scrolls
 g - 3 scrolls of fog
 i - 3 scrolls of teleportation
 o - 2 scrolls of amnesia
 t - 2 scrolls of recharging
 B - 4 scrolls of magic mapping
 H - 10 scrolls of identify
 I - 5 scrolls of remove curse
 V - a scroll of blinking
Potions
 p - a potion of resistance
 r - a potion of invisibility
 u - 2 potions of curing
 v - a potion of brilliance
 z - 3 potions of haste
 G - 5 potions of flight
 K - 2 potions of might
Books
 e - a book of Geomancy

   Spells                             Type                      Level
   a - Sandblast                      Earth                        1
   b - Passwall                       Transmutation/Earth          2
   c - Stone Arrow                    Conjuration/Earth            3
   d - Petrify                        Transmutation/Earth          4
   e - Lee's Rapid Deconstruction     Earth                        5
 A - a book of Changes

   Spells                             Type                      Level
   a - Beastly Appendage              Transmutation                1
   b - Sticks to Snakes               Transmutation                2
   c - Spider Form                    Transmutation/Poison         3
   d - Ice Form                       Ice/Transmutation            4
   e - Blade Hands                    Transmutation                5
 O - a book of Misfortune

   Spells                             Type                      Level
   a - Confusing Touch                Hexes                        1
   b - Confuse                        Hexes                        3
   c - Gell's Gravitas                Translocation                3
   d - Petrify                        Transmutation/Earth          4
   e - Metabolic Englaciation         Hexes/Ice                    5
   f - Yara's Violent Unravelling     Hexes/Transmutation          5
 Z - a book of Beasts

   Spells                             Type                      Level
   a - Summon Butterflies             Summoning                    1
   b - Call Canine Familiar           Summoning                    3
   c - Summon Ice Beast               Ice/Summoning                4
   d - Summon Mana Viper              Hexes/Summoning              5
   e - Summon Hydra                   Summoning                    7
Comestibles
 d - 8 bread rations
 q - 20 fruits
 E - 7 meat rations
 M - 17 royal jellies


   Skills:
 + Level 4.7 Fighting
 + Level 0.1(4.6) Axes
 + Level 7.5 Maces & Flails
 + Level 3.1 Armour
 + Level 6.3 Dodging
 + Level 5.6 Stealth
 + Level 5.2 Shields
 + Level 11.3 Spellcasting
 + Level 6.3 Conjurations
 + Level 1.3 Transmutations
 * Level 14.9 Earth Magic
 + Level 1.4 Evocations


You had 22 spell levels left.
You knew the following spells:

 Your Spells              Type           Power        Failure   Level  Hunger
a - Sandblast             Erth           ######       1%          1    None
b - Stone Arrow           Conj/Erth      ######       10%         3    None
c - Petrify               Tmut/Erth      ######..     67%         4    None
d - Lee's Rapid Deconstr  Erth           #######...   16%         5    ###....


Dungeon Overview and Level Annotations

Branches:
Dungeon (14/15)            Temple (1/1) D:4            Lair (6/6) D:11
  Swamp (0/4) Lair:4       Spider (0/4) Lair:4        Slime (0/5) Lair:5
    Orc (0/2) D:11
 Vaults: D:13-14

Shops:
D:5 %   D:9 (   D:11 (

Annotations:
D:14 Agrougrou's ghost, journeyman OpTm


Innate Abilities, Weirdness & Mutations

You have an increased reservoir of magic. (+10% MP)
Your system is resistant to poisons. (rPois)
You are robust. (+10% HP)


Message History

The death knight invokes the aid of Yredelemnul against you.
Your body is wracked with pain!
You block the skeletal warrior's attack.
You block the phantasmal warrior's attack.
The death knight invokes the aid of Yredelemnul against you.
Your body is wracked with pain!
The death knight's dark mirror aura disappears.
The phantasmal warrior closely misses you.
The phantasmal warrior blinks!
You see here an arrow.
The phantasmal warrior hits you!!
* * * LOW HITPOINT WARNING * * *
The phantasmal warrior blinks!
You see here a spear.
You block the phantasmal warrior's attack.
The phantasmal warrior completely misses you.
There is an escape hatch in the ceiling here.
You block the skeletal warrior's attack.
The phantasmal warrior hits you!!
You die...

.# #.#....<##............# .##
#.#...(.##.###.######.# ..#
#####.###>####.#.....# #.# #.#
#.......#(####.#.#.#.# #.#
#.#####.#####.....##.#.#...####.#
#.#.....# #..(..##.#..........#
#.#.....# #.....##.############
..#.....#####(....##.# #....#
###.....#.....zW@.##.# #.##.#
........#.##.p....##'## #.##.#
.##....##.............# #.##.#
...........(..........# #.##.#
.###.......###........# #.##.#
.>...........#........# #.##.#
#..#.####.####........# #.##.#
#....# #.#...........# #.##.#
##.########.##.######## #..#.#


You could see a death knight, a skeletal warrior and a phantasmal warrior.

Vanquished Creatures
  Gastronok (Lair:1)
  Josephine (D:11)
  Fannar (Lair:1)
  A vault guard (D:14)
  4 hydras
  3 centaur warriors
  An anaconda (Lair:6)
  6 two-headed ogres
  4 skeletal warriors (D:13)
  4 unseen horrors
  An obsidian statue (D:10)
  4 ugly things
  3 cyclopes
  5 oklob plants
  Maurice (D:8)
  5 black mambas
  A guardian serpent (D:13)
  An ice statue (D:11)
  A kobold demonologist (D:14)
  10 spiny frogs
  2 rime drakes
  4 centaur skeletons
  6 komodo dragons
  A queen bee (Lair:5)
  The ghost of Ijustatesigmund the Covert, a novice SpAs (D:5)
  A polar bear (Lair:3)
  3 meliai (Lair:5)
  3 trolls
  4 jumping spiders (Lair:4)
  11 blink frogs
  3 hornets
  9 slime creatures
  12 hippogriffs
  A shadow (D:11)
  3 redbacks (Lair:4)
  Sigmund (D:5)
  8 wraiths
  A vampire (D:13)
  3 wyverns
  5 basilisks
  59 yaks
  3 hungry ghosts
  A steam dragon (D:11)
  2 vampire mosquitoes (D:14)
  15 water moccasins
  4 soldier ants
  6 swamp worms (Lair:4)
  An acid dragon (D:12)
  12 porcupines
  The ghost of Nachka the Ruffian, an amateur TrFi of Trog (D:3)
  2 black bears
  3 ice beasts
  8 orc warriors
  4 sky beasts
  4 phantoms
  6 centaurs
  4 wolves (Lair:4)
  9 ogres
  18 crocodiles
  3 big kobolds
  12 bullfrogs
  A water moccasin skeleton (D:10)
  3 scorpions
  29 killer bees
  16 wights
  A howler monkey (D:4)
  4 electric eels
  11 crimson imps
  4 centaur zombies
  A bullfrog zombie (D:12)
  8 jellies
  6 orc priests
  3 bullfrog skeletons
  A gnoll shaman (D:4)
  9 hounds
  6 orc wizards
  5 hell rats (Lair:5)
  An iguana (D:12)
  Ijyb (D:3)
  12 worker ants
  3 worker ant zombies
  Robin (D:2)
  9 gnolls
  22 adders
  4 shadow imps
  2 oozes (D:4)
  An adder zombie (D:5)
  3 adder skeletons
  3 worms
  6 dart slugs
  6 leopard geckos
  51 orcs
  3 giant cockroaches
  17 goblins
  7 hobgoblins
  18 jackals
  5 quokkas
  10 bats
  4 frilled lizards
  17 kobolds
  A leopard gecko zombie (D:5)
  A quokka skeleton (D:7)
  A quokka zombie (D:5)
  7 rats
  3 fungi
  4 plants
648 creatures vanquished.

Vanquished Creatures (others)
  A howler monkey (D:4)
  A worker ant (D:4)
  11 fungi
  9 plants
22 creatures vanquished.

Grand Total: 670 creatures vanquished

Notes
Turn   | Place    | Note
-------+----------+-------------------------------------------
     0 | D:1      | dvd the Demigod Earth Elementalist began the quest for the Orb.
     0 | D:1      | Reached XP level 1. HP: 14/14 MP: 5/5
   178 | D:1      | Reached skill level 3 in Earth Magic
   204 | D:1      | Reached XP level 2. HP: 18/20 MP: 2/7
   907 | D:2      | Reached XP level 3. HP: 25/26 MP: 5/8
  1127 | D:2      | Noticed Robin
  1261 | D:1      | Learned a level 3 spell: Stone Arrow
  1382 | D:1      | Reached XP level 4. HP: 20/33 MP: 10/10
  1689 | D:2      | Killed Robin
  1867 | D:2      | Reached skill level 1 in Maces & Flails
  3047 | D:3      | Reached XP level 5. HP: 39/39 MP: 3/11
  3114 | D:3      | Noticed Ijyb
  3143 | D:3      | Killed Ijyb
  3163 | D:3      | Found a transporter.
  3227 | D:3      | Reached skill level 4 in Earth Magic
  3272 | D:2      | Reached skill level 1 in Fighting
  3542 | D:3      | Noticed Nachka's ghost (amateur TrFi)
  3627 | D:3      | Found a transporter.
  3639 | D:3      | Found a shimmering altar of Xom.
  3827 | D:3      | Reached XP level 6. HP: 38/47 MP: 3/13
  4502 | D:4      | Learned a level 4 spell: Petrify
  4637 | D:4      | Reached XP level 7. HP: 52/52 MP: 2/15
  4787 | D:4      | Reached skill level 1 in Conjurations
  4898 | D:4      | Found an ancient bone altar of Kikubaaqudgha.
  5048 | D:4      | Reached skill level 5 in Earth Magic
  5063 | D:4      | Reached skill level 1 in Shields
  5144 | D:4      | Found an iron altar of Okawaru.
  5145 | D:4      | Found a glowing silver altar of Zin.
  5233 | D:4      | Found a sparkling altar of Nemelex Xobeh.
  5258 | D:4      | Found a staircase to the Ecumenical Temple.
  5267 | Temple   | Entered the Ecumenical Temple
  6061 | D:5      | Entered Level 5 of the Dungeon
  6200 | D:5      | Noticed Ijustatesigmund's ghost (novice SpAs)
  6220 | D:5      | Killed Ijustatesigmund's ghost
  6220 | D:5      | Reached XP level 8. HP: 60/60 MP: 0/17
  6375 | D:5      | Found Toled's Food Boutique.
  6686 | D:5      | Found a hazy altar of Hepliaklqana.
  6693 | D:5      | Noticed Sigmund
  6713 | D:5      | Killed Sigmund
  6880 | D:5      | Learned a level 5 spell: Lee's Rapid Deconstruction
  7192 | D:6      | Found a hide-covered altar of Uskayaw.
  7273 | D:6      | Reached skill level 5 in Spellcasting
  7814 | D:6      | Found a shadowy altar of Dithmenos.
  8144 | D:7      | Reached XP level 9. HP: 46/67 MP: 9/20
  8374 | D:7      | Reached skill level 6 in Earth Magic
  8490 | D:7      | Paralysed by a hornet for 2 turns
  9324 | D:3      | Killed Nachka's ghost
  9574 | D:8      | Noticed a two-headed ogre
  9595 | D:8      | Killed a two-headed ogre
  9595 | D:8      | Reached skill level 5 in Maces & Flails
  9595 | D:8      | Reached skill level 7 in Earth Magic
  9806 | D:8      | Found a sacrificial altar of Ru.
 10059 | D:8      | Noticed Maurice
 10066 | D:8      | Killed Maurice
 10066 | D:8      | Reached XP level 10. HP: 77/77 MP: 9/23
 10693 | D:8      | Noticed a two-headed ogre
 10714 | D:8      | Killed a two-headed ogre
 10727 | D:8      | Reached skill level 8 in Earth Magic
 11348 | D:9      | Found a bloodstained altar of Trog.
 11400 | D:9      | Noticed a two-headed ogre
 11892 | D:9      | Found a glowing golden altar of the Shining One.
 11939 | D:9      | Killed a two-headed ogre
 11939 | D:9      | Reached skill level 5 in Dodging
 12352 | D:9      | Found a deep blue altar of Sif Muna.
 12386 | D:9      | Found Vepov's Weapon Shop.
 12483 | D:9      | Noticed a two-headed ogre
 12496 | D:9      | Killed a two-headed ogre
 12841 | D:10     | Entered Level 10 of the Dungeon
 12887 | D:10     | Reached XP level 11. HP: 71/82 MP: 21/25
 13000 | D:10     | Reached skill level 9 in Earth Magic
 13291 | D:10     | Gained mutation: You are frail. (-10% HP) [potion of mutation]
 13291 | D:10     | Gained mutation: You are covered in fur. (AC +1) [potion of mutation]
 13291 | D:10     | Gained mutation: You possess an exceptional clarity of mind. [potion of mutation]
 13467 | D:10     | Noticed an obsidian statue
 13483 | D:10     | Noticed a two-headed ogre
 13497 | D:10     | Killed a two-headed ogre
 13497 | D:10     | Reached skill level 5 in Stealth
 13606 | D:10     | Reached skill level 5 in Conjurations
 14504 | D:11     | Reached skill level 10 in Earth Magic
 14537 | D:11     | Noticed a two-headed ogre
 14551 | D:11     | Killed a two-headed ogre
 14723 | D:11     | Found a staircase to the Orcish Mines.
 14772 | D:11     | Noticed Josephine
 14786 | D:11     | Killed Josephine
 15434 | D:11     | Found a staircase to the Lair.
 15750 | D:11     | Reached skill level 1 in Transmutations
 16178 | D:11     | Reached skill level 1 in Armour
 16235 | D:11     | Found Kujamp's Antique Weapon Shoppe.
 16350 | D:12     | Reached XP level 12. HP: 78/81 MP: 2/29
 16701 | Lair:1   | Entered Level 1 of the Lair of Beasts
 16734 | Lair:1   | Identified a scroll of acquirement
 16735 | Lair:1   | Got a dazzling plate armour
 16746 | Lair:1   | Identified the +0 plate armour of the Queen {-Tele rElec rCorr} (You acquired it on level 1 of the Lair of Beasts)
 17122 | Lair:1   | Noticed Fannar
 17140 | Lair:1   | Reached skill level 11 in Earth Magic
 17157 | Lair:1   | Killed Fannar
 17203 | Lair:1   | Noticed Gastronok
 17481 | Lair:1   | Noticed a five-headed hydra
 17488 | Lair:1   | Killed a five-headed hydra
 18057 | Lair:1   | Noticed a seven-headed hydra
 18064 | Lair:1   | Killed a seven-headed hydra
 18276 | Lair:1   | Killed Gastronok
 18468 | Lair:1   | Reached skill level 12 in Earth Magic
 18471 | Lair:1   | Reached skill level 1 in Evocations
 20777 | Lair:4   | Found a hole to the Spider Nest.
 20811 | Lair:4   | Reached XP level 13. HP: 50/86 MP: 5/31
 21573 | Lair:4   | Reached skill level 10 in Spellcasting
 21926 | Lair:4   | Reached skill level 13 in Earth Magic
 22370 | Lair:4   | Found a staircase to the Swamp.
 23200 | Lair:5   | Lost mutation: You are covered in fur. (AC +1) [potion of mutation]
 23200 | Lair:5   | Lost mutation: You possess an exceptional clarity of mind. [potion of mutation]
 23200 | Lair:5   | Lost mutation: You are frail. (-10% HP) [potion of mutation]
 23200 | Lair:5   | Gained mutation: You are robust. (+10% HP) [potion of mutation]
 23200 | Lair:5   | Gained mutation: Your system is resistant to poisons. (rPois) [potion of mutation]
 23836 | Lair:5   | Found a staircase to the Slime Pits.
 24962 | Lair:6   | Entered Level 6 of the Lair of Beasts
 26943 | Lair:6   | Noticed a dire elephant
 26944 | Lair:6   | Noticed a dire elephant
 26949 | Lair:6   | Noticed a dire elephant
 26957 | Lair:6   | Noticed a dire elephant
 26959 | Lair:6   | Noticed a dire elephant
 27569 | D:12     | Reached skill level 14 in Earth Magic
 27705 | D:12     | Reached XP level 14. HP: 115/115 MP: 11/33
 28039 | D:12     | Got an ancient shield
 28050 | D:12     | Identified the +1 shield of Greed {rN+} (You acquired it on level 12 of the Dungeon)
 30350 | D:13     | Reached skill level 5 in Shields
 30814 | D:13     | Got a brightly glowing chain mail
 30825 | D:13     | Identified the cursed +0 chain mail of Salvation {rPois rF+ MR- Int+4 SInv} (You found it on level 13 of the Dungeon)
 31684 | D:14     | Got a transparent wooden ring
 31686 | D:14     | Identified the ring "Fakesai" {rPois EV+5 Int+2} (You acquired it on level 14 of the Dungeon)
 31806 | D:14     | Noticed Agrougrou's ghost (journeyman OpTm)
 31843 | D:13     | Slain by a phantasmal warrior

Skill      XL: |  1  2  3  4  5  6  7  8  9 10 11 12 13 14 |
---------------+-------------------------------------------+-----
Earth Magic    | 3 4 5 7 8 10 12 14 | 14.9
Dodging        | 2 3 4 5 6 |  6.3
Stealth        | 2 3 4 5 |  5.6
Spellcasting   | 2 3 4 5 6 7 8 9 10 11 | 11.3
Maces & Flails | 1 2 3 5 6 7 |  7.5
Fighting       | 1 2 3 4 |  4.7
Conjurations   | 2 3 4 5 6 |  6.3
Shields        | 1 2 3 4 5 |  5.2
Transmutations | 1 |  1.3
Armour         | 1 2 3 |  3.1
Evocations     | 1 |  1.4
Axes           | |  0.1

Action                   |  1- 3 |  4- 6 |  7- 9 | 10-12 | 13-15 || total
-------------------------+-------+-------+-------+-------+-------++-------
Melee: Hand axe          |     7 |       |       |       |       ||     7
       Whip              |    34 |   163 |   234 |   395 |   305 ||  1131
 Cast: Sandblast         |    29 |    32 |    20 |    41 |    46 ||   168
       Stone Arrow       |       |    32 |   103 |   179 |   214 ||   528
       Lee's Rapid Decon |       |       |       |    89 |   136 ||   225
       Petrify           |       |       |       |     8 |    11 ||    19
Evoke: Wand              |       |       |     3 |    22 |     6 ||    31
  Use: Scroll            |       |     7 |     8 |    11 |    12 ||    38
       Potion            |       |       |       |    11 |     5 ||    16
 Stab: Sleeping          |     1 |     4 |     9 |     5 |     1 ||    20
       Distracted        |       |     1 |       |     1 |       ||     2
       Petrified         |       |       |       |     9 |       ||     9
  Eat: Chunk             |     1 |     7 |    24 |    46 |    43 ||   121
       Meat ration       |       |     1 |       |     1 |       ||     2
       Royal jelly       |       |     1 |       |     2 |     7 ||    10
       Fruit             |       |       |       |     1 |     3 ||     4
Armor: Robe              |     8 |    46 |    59 |    54 |       ||   167
       Scale mail        |       |     7 |       |       |       ||     7
       Steam dragon scal |       |       |       |    13 |       ||    13
       Leather armour    |       |       |       |    26 |    69 ||    95
       Ring mail         |       |       |       |     4 |       ||     4
       Chain mail        |       |       |       |       |    10 ||    10
Dodge: Dodged            |    35 |    99 |   136 |   263 |   232 ||   765
Block: Buckler           |       |    26 |    68 |   160 |   109 ||   363
       Reflection        |       |       |       |       |    11 ||    11
       Shield            |       |       |       |       |    67 ||    67
